 Dungeon Crawl Stone Soup version 0.25-a0-280-gfa4545f (webtiles) character file.

Game seed: 4529421602800248952, levelgen mode: deterministic

49 Deaus the Shield-Bearer (level 3, -1/20 HPs)
             Began as a Vine Stalker Fighter on Dec 10, 2019.
             Slain by a gnoll
             ... wielding a +0 halberd
              (8 damage)
             ... on level 2 of the Dungeon.
             The game lasted 00:02:30 (1332 turns).

Deaus the Shield-Bearer (Vine Stalker Fighter)      Turns: 1332, Time: 00:02:30

Health: -1/20      AC: 11    Str: 19    XL:     3   Next: 77%
Magic:  0/4        EV:  5    Int:  8    God:
Gold:   108        SH:  9    Dex: 13    Spells: 2/2 levels left

rFire    + . .     SeeInvis .   a - +0 war axe
rCold    x . .     Gourm    .   c - +0 shield
rNeg     . . .     Faith    .   p - +0 chain mail (curse)
rPois    .         Spirit   +   n - +0 helmet
rElec    .         Reflect  .   (no cloak)
rCorr    .         Harm     .   e - +0 pair of gloves
MR       .....                  (no boots)
Stlth    ..........             (no amulet)
HPRegen  0.06/turn              h - ring of fire
MPRegen  0.09/turn              (no ring)

@: no status effects
A: fangs 2, magic shield, antimagic bite, no potion heal 3, rot immunity
a: no special abilities


You were on level 2 of the Dungeon.
You were hungry.

You visited 1 branch of the dungeon, and saw 2 of its levels.

You collected 108 gold pieces.

Inventory:

Hand Weapons
 a - a +0 war axe (weapon)
Armour
 c - a +0 shield (worn)
 e - a +0 pair of gloves (worn)
 n - a +0 helmet (worn)
 p - a cursed +0 chain mail (worn)
Jewellery
 h - a ring of fire (left hand)
Scrolls
 i - 3 scrolls of identify {unknown}
 j - 3 scrolls of enchant weapon {unknown}
 k - a scroll of enchant armour {unknown}
 o - a scroll of amnesia {unknown}
 r - a scroll of noise {unknown}
 t - a scroll of immolation {unknown}
Potions
 d - a potion of might
 g - a potion of degeneration {unknown}
 l - 2 potions of curing {unknown}
 m - a potion of mutation {unknown}
 q - a potion of haste {unknown}
 u - a potion of agility {unknown}
Comestibles
 f - 5 rations
 s - 2 chunks of flesh


   Skills:
 * Level 3.0 Fighting
 * Level 2.3 Axes
 * Level 2.6 Armour
 + Level 0.1 Dodging
 * Level 3.3 Shields


You had 2 spell levels left.
You didn't know any spells.
Your spell library was empty.

Dungeon Overview and Level Annotations

Branches:
Dungeon (2/15)

Altars:
Cheibriados

Annotations:
D:2 Sigmund


Innate Abilities, Weirdness & Mutations

You have extremely sharp teeth.
When hurt, damage is shared between your health and your magic reserves.
Your bite disrupts and absorbs the magic of your enemies.
Potions cannot restore your health.
You are immune to rotting.


Message History

You closely miss the gnoll. Your bite misses the gnoll.
You are feeling hungry.
The gnoll hits you but does no damage.
You slash the gnoll! You bite the gnoll. You drain its power.
The gnoll is severely wounded.
The gnoll hits you with a +0 halberd. Sigmund hits you but does no damage.
Your shield and chain mail prevent you from hitting the gnoll.
You bite the gnoll, but do no damage.
The gnoll is severely wounded.
The gnoll hits you with a +0 halberd. You block Sigmund's attack.
You block the gnoll's attack.
There is a stone staircase leading up here.
You block the gnoll's attack. You block the gnoll's attack.
Sigmund hits you from afar with a +0 scythe!
You block the gnoll's attack.
There is a stone staircase leading up, spattered with blood here.
Sigmund hits you from afar with a +0 scythe.
The gnoll hits you with a +0 halberd!
You die...

#....(...................
####÷........#############
..#.######### ####.#.# #..
##≈≈≈.#.# #.#####
##≈≈≈≈≈..####.#...#
#_≈≈.≈≈.......#@#.#
##≈≈≈≈≈.#####.#.#.# #####
#####≈≈≈.###.@g@#.#.#
.....
#........###.####.#.#
#####
#.#########...g.@.#.#
#..######g# #....#....#
#.#..#.#### #.##.#.#
#....#.# ######.#######


You could see Sigmund and a gnoll.

Vanquished Creatures
  An adder (D:2)
  A dart slug (D:2)
  6 bats
  A giant cockroach (D:1)
  5 goblins
  4 hobgoblins (D:1)
  3 jackals (D:2)
  A quokka (D:2)
  A ball python (D:1)
  7 frilled lizards
  5 kobolds
  A rat (D:1)
36 creatures vanquished.

Notes
Turn   | Place    | Note
-------+----------+-------------------------------------------
     0 | D:1      | Deaus the Vine Stalker Fighter began the quest for the Orb.
     0 | D:1      | Reached XP level 1. HP: 11/11 MP: 2/2
    92 | D:1      | Reached XP level 2. HP: 13/16 MP: 3/3
   329 | D:1      | Reached XP level 3. HP: 10/19 MP: 2/4
  1156 | D:2      | Found a snail-covered altar of Cheibriados.
  1261 | D:2      | Noticed Sigmund
  1332 | D:2      | Slain by a gnoll

Levels and vault maps discovered:
D:1:      eino_arrival_druids_welcome, layout_rooms
D:2:      layout_basic, kennysheep_slug_shrine, dk_vineyard_3, uniq_sigmund

Skill      XL: |  1  2  3 |
---------------+----------+-----
Axes           | 2 |  2.3
Shields        | 3 |  3.3
Fighting       | 3 |  3.0
Armour         | |  2.6
Dodging        | |  0.1

Action                   || total
-------------------------++-------
Melee: War axe           ||   103
       Bite              ||    25
  Eat: Chunk             ||     1
Armor: Scale mail        ||    45
       Chain mail        ||    14
Dodge: Dodged            ||    33
Block: Shield            ||    71

Table legend:
 A = Non-vault XP
 B = Vault XP
 C = Vault XP percentage of total XP
 D = Non-vault monster count
 E = Vault monster count
 F = Vault count percentage of total count
                 A         B        C        D         E       F
            +---------+---------+-------+---------+---------+-------
      Total |      67 |       4 |   5.6 |      35 |       1 |   2.8
            +---------+---------+-------+---------+---------+-------
        D:1 |      40 |       0 |   0.0 |      26 |       0 |   0.0
        D:2 |      27 |       4 |  12.9 |       9 |       1 |  10.0
            +---------+---------+-------+---------+---------+-------
